[Event "Meltwater Champions Chess Tour 2022: Chessable Masters | Prelims"]
[White "Tari, Aryan"]
[Black "Carlsen, Magnus"]
[WhiteFideId "1510045"]
[BlackFideId "1503014"]
[WhiteElo "2531"]
[BlackElo "2847"]
[Result "1/2-1/2"]
[Round "01"]
[TimeControl "900+10"]
[Date "2022.05.19"]
[WhiteClock "0:06:52"]
[BlackClock "0:11:03"]

1. e4 e6 2. d4 d5 3. Nc3 Bb4 4. e5 b6 5. a3 Bf8 6. Bb5+ c6 7. Ba4 Ba6 8. Nce2 h5 9. Nf3 Be7 10. h4 Nh6 11. c3 g6 12. Bg5 Bxe2 13. Qxe2 b5 14. Bc2 Nd7 15. a4 a6 16. O-O Nb6 17. a5 Nd7 18. b4 Bxg5 19. Nxg5 Nf8 20. Qd2 Qe7 21. g3 Nf5 22. Rae1 O-O-O 23. Nh3 Nh7 24. Bxf5 gxf5 25. Nf4 Rdg8 26. Kh2 Nf8 27. f3 Ng6 28. Nxg6 fxg6 29. f4 Kb7 30. Kg2 Ka8 31. Kf2 Kb7 32. Ke2 Ka8 33. Kd1 Kb7 34. Kc2 Ka8 35. Kb2 Kb7 36. Kb3 Ka8 37. Kb2 Kb7 38. Kb3 Ka8 39. Kb2 1/2-1/2


[Site "http://www.chessbomb.com"]

[Event "Meltwater Champions Chess Tour 2022: Chessable Masters | Prelims"]
[White "Grandelius, Nils"]
[Black "Giri, Anish"]
[WhiteFideId "1710400"]
[BlackFideId "24116068"]
[WhiteElo "2652"]
[BlackElo "2730"]
[Result "1/2-1/2"]
[Round "01"]
[TimeControl "900+10"]
[Date "2022.05.19"]
[WhiteClock "0:05:56"]
[BlackClock "0:07:25"]

1. e4 c5 2. c3 Nf6 3. e5 Nd5 4. Bc4 e6 5. Nf3 d6 6. d4 cxd4 7. cxd4 Be7 8. O-O O-O 9. Qe2 a6 10. Rd1 b5 11. Bxd5 exd5 12. Nc3 Be6 13. Bf4 Nc6 14. exd6 Bxd6 15. Bxd6 Qxd6 16. Ne5 Ne7 17. Qd2 Bf5 18. Rac1 Rac8 19. Ne2 f6 20. Nd3 Bxd3 21. Qxd3 Rc4 22. b3 Rxc1 23. Rxc1 Rc8 24. Rxc8+ Nxc8 25. g3 Ne7 26. Nf4 g5 27. Ng2 Qe6 28. f3 Qf5 29. Qxf5 Nxf5 30. Kf2 Kf7 31. Ne3 Ke6 32. Nxf5 Kxf5 33. b4 Kg6 34. g4 h6 35. h3 Kf7 36. Ke3 Ke6 37. Kd3 Kd6 38. Ke3 Ke6 39. Kd3 Kd6 40. Ke3 Ke6 1/2-1/2


[Site "http://www.chessbomb.com"]

[Event "Meltwater Champions Chess Tour 2022: Chessable Masters | Prelims"]
[White "Praggnanandhaa, R"]
[Black "Wei, Yi"]
[WhiteFideId "25059530"]
[BlackFideId "8603405"]
[WhiteElo "1927"]
[BlackElo "2752"]
[Result "1/2-1/2"]
[Round "01"]
[TimeControl "900+10"]
[Date "2022.05.19"]
[WhiteClock "0:00:55"]
[BlackClock "0:02:12"]

1. e4 c5 2. Nf3 d6 3. Bb5+ Nd7 4. a4 Nf6 5. Nc3 a6 6. Be2 b6 7. d4 cxd4 8. Qxd4 Bb7 9. O-O e5 10. Qe3 Be7 11. Nd2 O-O 12. Rd1 Qc7 13. Nc4 Nc5 14. Bf3 Rad8 15. Qe2 Ncxe4 16. Nxe4 Nxe4 17. Bxe4 Bxe4 18. Qxe4 d5 19. Qxe5 dxc4 20. Bf4 Rxd1+ 21. Rxd1 Rd8 22. Rxd8+ Qxd8 23. g3 Bf6 24. Qe4 Qc8 25. c3 b5 26. axb5 axb5 27. Qd5 Qe8 28. Kg2 g6 29. Bh6 Bg7 30. Be3 h5 31. h3 Qe5 32. Qd8+ Kh7 33. Qd7 Qe4+ 34. Kh2 Qf5 35. Qb7 Kg8 36. Kg2 Bf6 37. Qc6 Kh7 38. Qb7 Kg7 39. h4 Kg8 40. Qa8+ Kg7 41. Qb7 Kg8 42. Qa8+ Kg7 43. Qb7 1/2-1/2


[Site "http://www.chessbomb.com"]

[Event "Meltwater Champions Chess Tour 2022: Chessable Masters | Prelims"]
[White "Harikrishna, Pentala"]
[Black "Vidit, Santosh Gujrathi"]
[WhiteFideId "5007003"]
[BlackFideId "5029465"]
[WhiteElo "2624"]
[BlackElo "2617"]
[Result "1/2-1/2"]
[Round "01"]
[TimeControl "900+10"]
[Date "2022.05.19"]
[WhiteClock "0:04:15"]
[BlackClock "0:01:20"]

1. d4 Nf6 2. c4 e6 3. Nf3 d5 4. Nc3 c5 5. cxd5 cxd4 6. Qxd4 exd5 7. e4 dxe4 8. Qxd8+ Kxd8 9. Ng5 Be6 10. Bb5 a6 11. Ba4 Nbd7 12. O-O Nc5 13. Rd1+ Ke7 14. Bc2 Rc8 15. Be3 h6 16. Bxc5+ Rxc5 17. Ngxe4 Rc6 18. Bb3 Nxe4 19. Nxe4 g6 20. Bd5 Rc2 21. Bxb7 Bg7 22. Bd5 Bxb2 23. Bxe6 Kxe6 24. Rab1 Rhc8 25. Re1 f5 26. Nd2+ Kf6 27. Nf3 Rd8 28. Kf1 Rd6 29. Re2 Rxe2 30. Kxe2 Re6+ 31. Kf1 Ba3 32. h3 Bc5 33. Rc1 Bb6 34. Nd2 g5 35. Rc8 Ba5 36. Rc2 h5 37. g3 Bxd2 38. Rxd2 g4 39. hxg4 hxg4 40. Rd5 Re5 41. Rd6+ Re6 42. Rd5 Re5 43. Rd6+ Re6 44. Rd5 1/2-1/2


[Site "http://www.chessbomb.com"]

[Event "Meltwater Champions Chess Tour 2022: Chessable Masters | Prelims"]
[White "Jones, Gawain C B"]
[Black "Shankland, Sam"]
[WhiteFideId "409561"]
[BlackFideId "2004887"]
[WhiteElo "2630"]
[BlackElo "2616"]
[Result "0-1"]
[Round "01"]
[TimeControl "900+10"]
[Date "2022.05.19"]
[WhiteClock "0:00:11"]
[BlackClock "0:03:15"]

1. e4 c5 2. c3 Nf6 3. e5 Nd5 4. Nf3 d6 5. d4 cxd4 6. cxd4 Nc6 7. Bc4 dxe5 8. dxe5 Be6 9. O-O g6 10. Ng5 Bg7 11. Nxe6 fxe6 12. f4 Qa5 13. Bxd5 exd5 14. Nc3 e6 15. Qg4 Nd4 16. Be3 Nf5 17. Bf2 O-O 18. Qe2 Rac8 19. g4 Ne7 20. Bh4 Nc6 21. Nb5 Qb4 22. Bg3 Nd4 23. Nxd4 Qxd4+ 24. Rf2 Rc4 25. Rf1 Rfc8 26. Kh1 Qe4+ 27. Qxe4 Rxe4 28. Kg2 Kf7 29. Rd1 h5 30. h3 hxg4 31. hxg4 g5 32. f5 Bxe5 33. Bxe5 Rxe5 34. fxe6+ Kxe6 35. Rdf1 d4 36. Rf6+ Kd5 37. R1f2 d3 38. Rf7 Ke4 39. Rf1 Rc2+ 40. Kg3 Rxb2 41. Re1+ Kd4 42. Rd7+ Rd5 43. Rde7 d2 44. Rd1 Kd3 45. Kf3 Rb4 46. Rh1 Rf4+ 47. Kg3 Re4 48. Rxb7 Re1 0-1


[Site "http://www.chessbomb.com"]

[Event "Meltwater Champions Chess Tour 2022: Chessable Masters | Prelims"]
[White "Anton Guijarro, David"]
[Black "Mishra, Abhimanyu"]
[WhiteFideId "2285525"]
[BlackFideId "30920019"]
[WhiteElo "2633"]
[BlackElo "2524"]
[Result "1-0"]
[Round "01"]
[TimeControl "900+10"]
[Date "2022.05.19"]
[WhiteClock "0:01:11"]
[BlackClock "0:00:59"]

1. d4 d5 2. c4 c6 3. Nf3 Nf6 4. e3 e6 5. Nbd2 Be7 6. b3 O-O 7. Bd3 Nbd7 8. O-O dxc4 9. bxc4 c5 10. Bb2 cxd4 11. exd4 b6 12. Qe2 Bb7 13. Rfe1 Re8 14. Rad1 Qc7 15. Ng5 Bf8 16. Rc1 g6 17. Ndf3 h6 18. Ne4 Nxe4 19. Bxe4 Bxe4 20. Qxe4 Bg7 21. h3 Rac8 22. a4 Nc5 23. Qc2 Nb7 24. d5 Bxb2 25. Qxb2 exd5 26. cxd5 Qf4 27. Rxc8 Rxc8 28. Ne5 Re8 29. Re3 Nd6 30. Ng4 Rxe3 31. fxe3 Qg3 32. Nxh6+ Kh7 33. Ng4 Nf5 34. Qf2 Qxf2+ 35. Kxf2 Nd6 36. Kf3 f5 37. Ne5 Kg7 38. Nc6 a6 39. g4 Kf6 40. h4 a5 41. Kf4 fxg4 42. Kxg4 b5 43. axb5 a4 44. b6 a3 45. Nb4 Ke5 46. Kg5 Nb7 47. Kxg6 Kd6 48. h5 Kc5 49. Na2 Kc4 50. h6 Kb3 51. h7 Kxa2 52. h8=Q Kb1 53. Qh1+ 1-0


[Site "http://www.chessbomb.com"]

[Event "Meltwater Champions Chess Tour 2022: Chessable Masters | Prelims"]
[White "Ding, Liren"]
[Black "Van Foreest, Jorden"]
[WhiteFideId "8603677"]
[BlackFideId "1039784"]
[WhiteElo "2836"]
[BlackElo "2645"]
[Result "1-0"]
[Round "01"]
[TimeControl "900+10"]
[Date "2022.05.19"]
[WhiteClock "0:01:06"]
[BlackClock "0:00:11"]

1. Nf3 d5 2. e3 Nf6 3. c4 e6 4. Nc3 c5 5. d4 Nc6 6. cxd5 exd5 7. Bb5 a6 8. Bxc6+ bxc6 9. O-O Bd6 10. dxc5 Bxc5 11. b3 O-O 12. Bb2 Bd6 13. Rc1 Bg4 14. Ne2 c5 15. Ng3 Rc8 16. Bxf6 gxf6 17. h3 Be6 18. Nh4 Kh8 19. Nhf5 Bb8 20. Nh6 f5 21. Ngxf5 Qf6 22. Qh5 Rfe8 23. f4 Qg6 24. g4 Qxh5 25. gxh5 d4 26. Kh2 dxe3 27. Nxe3 Rcd8 28. Kg3 Rd2 29. Rxc5 Rxa2 30. Nc4 Rd8 31. Rf3 Rd1 32. Kh4 Ba7 33. Rg3 Rd8 34. Ne5 Bxc5 35. Nexf7+ 1-0


[Site "http://www.chessbomb.com"]

[Event "Meltwater Champions Chess Tour 2022: Chessable Masters | Prelims"]
[White "Hansen, Eric"]
[Black "Mamedyarov, Shakhriyar"]
[WhiteFideId "2606771"]
[BlackFideId "13401319"]
[WhiteElo "2579"]
[BlackElo "2699"]
[Result "1/2-1/2"]
[Round "01"]
[TimeControl "900+10"]
[Date "2022.05.19"]
[WhiteClock "0:00:50"]
[BlackClock "0:01:08"]

1. e4 e5 2. Nf3 Nc6 3. Bb5 a6 4. Ba4 Nf6 5. d3 b5 6. Bb3 Bc5 7. a4 Rb8 8. axb5 axb5 9. Nc3 d6 10. Nd5 Nxd5 11. Bxd5 Ne7 12. Bb3 O-O 13. c3 Bb6 14. O-O h6 15. h3 Ng6 16. d4 Qf6 17. Be3 Nf4 18. Kh2 c5 19. Bc2 Re8 20. d5 c4 21. Ng1 Qg6 22. Qf3 Nxd5 23. Bxb6 Rxb6 24. Rfd1 Nf6 25. Qe3 Rb8 26. Rd2 Rd8 27. Rad1 Ne8 28. f4 Qf6 29. fxe5 Qxe5+ 30. Kh1 Bb7 31. Nf3 Qg3 32. Qa7 Bc6 33. Nd4 Bd7 34. Ne2 Qh4 35. Qe3 Qe7 36. Qf4 b4 37. cxb4 Rxb4 38. Nc3 Rxb2 39. e5 dxe5 40. Qe3 Kh8 41. Nd5 Qg5 42. Qa3 Rxc2 43. Rxc2 Bc6 44. Rcd2 Kh7 45. Qc3 Nd6 46. Qc2+ g6 47. Nc3 Nb7 48. Rxd8 Nxd8 49. Nd5 Qh4 50. Qc3 Bxd5 51. Rxd5 Nc6 52. Qf3 Kg7 53. Rd7 Ne7 54. Qb7 Nf5 55. Rxf7+ Kg8 56. Rd7 Qe1+ 57. Kh2 Qg3+ 58. Kh1 Qe1+ 59. Kh2 Qg3+ 60. Kh1 Qe1+ 1/2-1/2


[Site "http://www.chessbomb.com"]

[Event "Meltwater Champions Chess Tour 2022: Chessable Masters | Prelims"]
[White "Carlsen, Magnus"]
[Black "Mamedyarov, Shakhriyar"]
[WhiteFideId "1503014"]
[BlackFideId "13401319"]
[WhiteElo "2847"]
[BlackElo "2699"]
[Result "1/2-1/2"]
[Round "02"]
[TimeControl "900+10"]
[Date "2022.05.19"]
[WhiteClock "0:02:08"]
[BlackClock "0:01:55"]

1. c4 e5 2. g3 c6 3. d4 e4 4. d5 Nf6 5. Bg2 Bb4+ 6. Bd2 Qe7 7. Nc3 O-O 8. a3 Bxc3 9. Bxc3 cxd5 10. cxd5 d6 11. Nh3 Nbd7 12. O-O Re8 13. Nf4 Ne5 14. f3 Ng6 15. Nxg6 hxg6 16. Qd4 exf3 17. Rxf3 Qe4 18. Qf2 Bf5 19. Re1 Ng4 20. Qd4 Qxd4+ 21. Bxd4 Be4 22. Rf4 Bxg2 23. Kxg2 Ne3+ 24. Bxe3 Rxe3 25. Rb4 b6 26. Kf2 Rae8 27. Ra4 a5 28. Rc4 Rb3 29. Rc2 f5 30. Rd1 Kf7 31. Rdd2 Kf6 32. Rc6 Rd8 33. Rdc2 g5 34. R2c3 Rxc3 35. bxc3 b5 36. Rb6 Ke5 37. Rxb5 Rh8 38. Kg2 Rc8 39. Rxa5 Rxc3 40. a4 Ra3 41. Ra7 g4 42. a5 g5 43. a6 Kxd5 44. Ra8 Ra2 45. Kf1 f4 46. a7 f3 47. Rg8 fxe2+ 48. Kf2 Rxa7 49. Rxg5+ Ke4 50. Kxe2 Ra2+ 51. Kd1 Kf3 52. Rh5 d5 53. h3 Kxg3 54. hxg4 Kxg4 55. Rxd5 Rf2 56. Rd2 Rxd2+ 57. Kxd2 1/2-1/2


[Site "http://www.chessbomb.com"]

[Event "Meltwater Champions Chess Tour 2022: Chessable Masters | Prelims"]
[White "Van Foreest, Jorden"]
[Black "Hansen, Eric"]
[WhiteFideId "1039784"]
[BlackFideId "2606771"]
[WhiteElo "2645"]
[BlackElo "2579"]
[Result "0-1"]
[Round "02"]
[TimeControl "900+10"]
[Date "2022.05.19"]
[WhiteClock "0:02:07"]
[BlackClock "0:03:46"]

1. e4 e5 2. Nf3 Nc6 3. Bc4 Bc5 4. b4 Bxb4 5. c3 Be7 6. d4 Na5 7. Be2 d6 8. Qa4+ c6 9. dxe5 dxe5 10. Nxe5 Nf6 11. O-O O-O 12. Bf4 b5 13. Qc2 Re8 14. Rd1 Qb6 15. Nd2 Be6 16. Ndf3 Ng4 17. Nxg4 Bxg4 18. Ne5 Be6 19. Qd3 Rad8 20. Qg3 Rxd1+ 21. Rxd1 Rd8 22. Ra1 Qc5 23. h4 Bf6 24. h5 h6 25. Rc1 Qa3 26. Nf3 Kh8 27. e5 Be7 28. Nd4 Qxa2 29. Rc2 Qb1+ 30. Kh2 Rxd4 31. Rc1 Qe4 32. cxd4 Qxe2 33. Ra1 Qxh5+ 34. Kg1 Nb3 35. Rxa7 Qd1+ 36. Kh2 Nxd4 37. f3 Ne2 38. Qf2 Bh4 39. Qe3 Nxf4 40. Qxf4 Bf2 0-1


[Site "http://www.chessbomb.com"]

[Event "Meltwater Champions Chess Tour 2022: Chessable Masters | Prelims"]
[White "Mishra, Abhimanyu"]
[Black "Ding, Liren"]
[WhiteFideId "30920019"]
[BlackFideId "8603677"]
[WhiteElo "2524"]
[BlackElo "2836"]
[Result "0-1"]
[Round "02"]
[TimeControl "900+10"]
[Date "2022.05.19"]
[WhiteClock "0:00:15"]
[BlackClock "0:01:05"]

1. e4 c6 2. d4 d5 3. e5 Bf5 4. Nd2 e6 5. Nb3 Nd7 6. Nf3 f6 7. Bd3 Bg4 8. h3 Bh5 9. g4 Bf7 10. Bf4 a5 11. a4 Ne7 12. Qe2 Ng6 13. Bg3 Bb4+ 14. c3 Be7 15. h4 Qb6 16. Nbd2 h5 17. exf6 gxf6 18. g5 O-O-O 19. O-O-O Rde8 20. Rde1 e5 21. dxe5 fxe5 22. Nxe5 Ngxe5 23. Bxe5 Bxg5 24. hxg5 Nxe5 25. Bf5+ Kd8 26. f4 Ng6 27. Qf3 Rhf8 28. Bc2 Rxe1+ 29. Rxe1 Re8 30. Rxe8+ Bxe8 31. Bxg6 Bxg6 32. f5 Be8 33. Qf4 Qg1+ 34. Kc2 Qg4 35. Qxg4 hxg4 36. Nf1 Ke7 37. Kd3 Kd6 38. Ne3 Ke5 39. g6 g3 40. Ke2 Kf4 41. b3 b6 42. b4 d4 43. g7 Bf7 44. bxa5 dxe3 45. axb6 g2 46. b7 Bc4+ 0-1


[Site "http://www.chessbomb.com"]

[Event "Meltwater Champions Chess Tour 2022: Chessable Masters | Prelims"]
[White "Shankland, Sam"]
[Black "Anton Guijarro, David"]
[WhiteFideId "2004887"]
[BlackFideId "2285525"]
[WhiteElo "2616"]
[BlackElo "2633"]
[Result "0-1"]
[Round "02"]
[TimeControl "900+10"]
[Date "2022.05.19"]
[WhiteClock "0:00:07"]
[BlackClock "0:00:45"]

1. c4 f5 2. g3 g6 3. Nf3 Bg7 4. d4 Nf6 5. Bg2 O-O 6. O-O d6 7. Nc3 c6 8. b3 Na6 9. Bb2 Nc7 10. Qd3 Rb8 11. e4 fxe4 12. Nxe4 Nxe4 13. Qxe4 Bf5 14. Qe2 b5 15. Rfe1 bxc4 16. Qxc4+ Nd5 17. Ng5 Qe8 18. Ne6 Bxe6 19. Rxe6 Rxf2 20. Kxf2 Qf7+ 21. Kg1 Qxe6 22. Qxc6 Nb4 23. Qe4 Qxe4 24. Bxe4 d5 25. Bg2 e6 26. Bh3 Kf7 27. Rc1 Rb7 28. Kg2 a5 29. Bc3 Nxa2 30. Rf1+ Ke7 31. Bxa5 Bxd4 32. Rf3 e5 33. Bd2 e4 34. Bg5+ Kd6 35. Rf8 Rxb3 36. Rd8+ Kc6 37. Bd7+ Kc5 38. Rc8+ Kd6 39. Ba4 Rb6 40. Bf4+ Ke6 41. Re8+ Kf7 42. Ra8 Nc3 43. Bd7 Ke7 44. Bh3 Rb2+ 45. Kf1 e3 46. Bg5+ Kf7 0-1


[Site "http://www.chessbomb.com"]

[Event "Meltwater Champions Chess Tour 2022: Chessable Masters | Prelims"]
[White "Vidit, Santosh Gujrathi"]
[Black "Jones, Gawain C B"]
[WhiteFideId "5029465"]
[BlackFideId "409561"]
[WhiteElo "2617"]
[BlackElo "2630"]
[Result "1/2-1/2"]
[Round "02"]
[TimeControl "900+10"]
[Date "2022.05.19"]
[WhiteClock "0:02:45"]
[BlackClock "0:04:17"]

1. d4 Nf6 2. c4 g6 3. Nc3 Bg7 4. e4 d6 5. Nf3 O-O 6. Be2 e5 7. O-O Nc6 8. d5 Ne7 9. b4 a5 10. bxa5 Rxa5 11. a4 Ra8 12. c5 dxc5 13. Be3 b6 14. a5 Bg4 15. Nd2 Bxe2 16. Qxe2 Nc8 17. axb6 Rxa1 18. Rxa1 cxb6 19. Nc4 Ne8 20. Ra8 Qd7 21. f3 Ned6 22. Nxd6 Nxd6 23. Qa6 f5 24. Rxf8+ Bxf8 25. Qxb6 fxe4 26. Nxe4 Nxe4 27. fxe4 Qg4 28. h3 Qxe4 29. Qe6+ Kg7 30. Qd7+ Kg8 31. Qe6+ Kg7 32. Qd7+ Kg8 33. Qe6+ 1/2-1/2


[Site "http://www.chessbomb.com"]

[Event "Meltwater Champions Chess Tour 2022: Chessable Masters | Prelims"]
[White "Wei, Yi"]
[Black "Harikrishna, Pentala"]
[WhiteFideId "8603405"]
[BlackFideId "5007003"]
[WhiteElo "2752"]
[BlackElo "2624"]
[Result "1-0"]
[Round "02"]
[TimeControl "900+10"]
[Date "2022.05.19"]
[WhiteClock "0:02:31"]
[BlackClock "0:04:01"]

1. d4 Nf6 2. c4 e6 3. Nf3 d5 4. Nc3 Bb4 5. Qa4+ Nc6 6. e3 O-O 7. Qc2 Na5 8. c5 b6 9. Bd2 bxc5 10. a3 Bxc3 11. Bxc3 Nc6 12. dxc5 Ne4 13. b4 Nxc3 14. Qxc3 a6 15. Be2 Qf6 16. Qxf6 gxf6 17. Kd2 Bd7 18. Kc3 Rfb8 19. Rhb1 e5 20. a4 Ne7 21. Kd2 Kf8 22. Ne1 Ra7 23. Nc2 c6 24. g4 h6 25. f4 f5 26. fxe5 fxg4 27. Nd4 h5 28. Bd3 Kg7 29. b5 axb5 30. axb5 Rxa1 31. Rxa1 cxb5 32. Ra7 Rd8 33. e6 fxe6 34. c6 Bc8 35. Rxe7+ Kf6 36. Rh7 e5 37. Nxb5 Kg5 38. c7 1-0


[Site "http://www.chessbomb.com"]

[Event "Meltwater Champions Chess Tour 2022: Chessable Masters | Prelims"]
[White "Giri, Anish"]
[Black "Praggnanandhaa, R"]
[WhiteFideId "24116068"]
[BlackFideId "25059530"]
[WhiteElo "2730"]
[BlackElo "1927"]
[Result "1-0"]
[Round "02"]
[TimeControl "900+10"]
[Date "2022.05.19"]
[WhiteClock "0:02:38"]
[BlackClock "0:00:06"]

1. c4 e5 2. Nc3 Bb4 3. Qc2 Nf6 4. Nf3 Bxc3 5. Qxc3 d6 6. b4 e4 7. Ng5 h6 8. Nh3 Bxh3 9. gxh3 Nbd7 10. Bb2 Qe7 11. Rg1 Rg8 12. O-O-O O-O-O 13. Kb1 Kb8 14. Ka1 c5 15. bxc5 Nxc5 16. Qa3 Nfd7 17. d4 exd3 18. exd3 Nb6 19. d4 Nca4 20. Bc1 Qf6 21. Be3 Rc8 22. Kb1 Rc6 23. Bd3 Rgc8 24. Rc1 g6 25. Rc2 Nxc4 26. Qxa4 Ra6 27. Qxc4 Rxc4 28. Rxc4 d5 29. Rc5 Rb6+ 30. Ka1 Qd6 31. Rg4 g5 32. Bf4 1-0


[Site "http://www.chessbomb.com"]

[Event "Meltwater Champions Chess Tour 2022: Chessable Masters | Prelims"]
[White "Tari, Aryan"]
[Black "Grandelius, Nils"]
[WhiteFideId "1510045"]
[BlackFideId "1710400"]
[WhiteElo "2531"]
[BlackElo "2652"]
[Result "1/2-1/2"]
[Round "02"]
[TimeControl "900+10"]
[Date "2022.05.19"]
[WhiteClock "0:00:44"]
[BlackClock "0:00:45"]

1. e4 c5 2. Nf3 d6 3. Bb5+ Bd7 4. Bxd7+ Nxd7 5. O-O Ngf6 6. Qe2 e6 7. b3 Be7 8. Bb2 O-O 9. c4 a6 10. Nc3 Ne5 11. Nxe5 dxe5 12. f4 exf4 13. e5 Nd7 14. Rxf4 Qc7 15. Re1 Rae8 16. Re4 Qc6 17. Nd1 Bg5 18. Nf2 f5 19. exf6 Nxf6 20. Bxf6 Bxf6 21. Rxe6 Rxe6 22. Qxe6+ Qxe6 23. Rxe6 Bd4 24. Re2 b5 25. d3 Rd8 26. cxb5 axb5 27. Rc2 b4 28. Kf1 Bxf2 29. Kxf2 Rxd3 30. Rxc5 Rd2+ 31. Kf3 Rxa2 32. Rb5 Rb2 33. Rxb4 h5 34. h4 Kh7 35. g3 Kh6 36. Rb8 g6 37. b4 Rb1 38. b5 Rb4 39. b6 Kg7 40. Ke3 Rg4 41. Kf2 Rb4 42. Kf3 Kf6 43. Ke3 Kf5 44. b7 Kg4 45. Rg8 Rb3+ 46. Ke4 Rb4+ 47. Ke5 Rb5+ 48. Kf6 Rb6+ 49. Ke5 Rb5+ 50. Kf6 Rb6+ 51. Kf7 Rxb7+ 52. Kxg6 Kxg3 53. Kxh5+ Kh3 54. Rg6 Rh7+ 55. Kg5 Rxh4 56. Rh6 Rxh6 57. Kxh6 1/2-1/2


[Site "http://www.chessbomb.com"]

[Event "Meltwater Champions Chess Tour 2022: Chessable Masters | Prelims"]
[White "Praggnanandhaa, R"]
[Black "Tari, Aryan"]
[WhiteFideId "25059530"]
[BlackFideId "1510045"]
[WhiteElo "1927"]
[BlackElo "2531"]
[Result "1-0"]
[Round "03"]
[TimeControl "900+10"]
[Date "2022.05.19"]
[WhiteClock "0:04:19"]
[BlackClock "0:01:51"]

1. e4 e5 2. Nf3 Nc6 3. Bb5 Nf6 4. d3 Bc5 5. c3 O-O 6. O-O d5 7. Qe2 dxe4 8. dxe4 a5 9. Bg5 Qe7 10. Bh4 Nb8 11. Nbd2 c6 12. Bd3 Nbd7 13. Nc4 b5 14. Ne3 Bxe3 15. Qxe3 a4 16. Rfd1 Bb7 17. Rd2 Rfd8 18. Rad1 Nf8 19. Qb6 Ra6 20. Bxf6 gxf6 21. Qe3 Ng6 22. h4 Raa8 23. g3 Bc8 24. h5 Nf8 25. Nh4 Be6 26. Nf5 Bxf5 27. exf5 Rd6 28. Be4 Rxd2 29. Qxd2 Rc8 30. h6 Kh8 31. Qd6 Qxd6 32. Rxd6 c5 33. Bc6 b4 34. Bxa4 bxc3 35. bxc3 c4 36. Bb5 1-0


[Site "http://www.chessbomb.com"]

[Event "Meltwater Champions Chess Tour 2022: Chessable Masters | Prelims"]
[White "Harikrishna, Pentala"]
[Black "Giri, Anish"]
[WhiteFideId "5007003"]
[BlackFideId "24116068"]
[WhiteElo "2624"]
[BlackElo "2730"]
[Result "1/2-1/2"]
[Round "03"]
[TimeControl "900+10"]
[Date "2022.05.19"]
[WhiteClock "0:01:16"]
[BlackClock "0:00:59"]

1. d4 Nf6 2. Nf3 g6 3. Bg5 Bg7 4. Nbd2 O-O 5. c3 h6 6. Bh4 d6 7. e4 c5 8. dxc5 dxc5 9. Bc4 Nc6 10. O-O Na5 11. Be2 Be6 12. Qc2 Nh5 13. Rfd1 Qc7 14. Nb3 Nxb3 15. axb3 Nf4 16. Bc4 Bg4 17. Bg3 Bxf3 18. gxf3 Be5 19. Rd2 e6 20. Rad1 Rad8 21. Qc1 g5 22. Rxd8 Rxd8 23. Rd2 Ng6 24. Qd1 Rxd2 25. Qxd2 Bf4 26. Qd1 h5 27. Bf1 h4 28. Bxf4 Nxf4 29. h3 a5 30. Qd2 b6 31. Qd1 Kf8 32. Qd2 Ke7 33. Qd1 Qd6 34. Qc1 Kf6 35. Qe1 Ng6 36. Qc1 Nf4 37. Qe1 Qe5 38. Qd2 Ke7 39. Qd1 Qb8 40. Qa1 Qd6 41. Qc1 Qd7 42. Kh2 Kf6 43. Kg1 a4 44. bxa4 Qxa4 45. Qd2 Ke7 46. Kh2 Qd7 47. Qc1 Qd6 48. Kg1 Kf6 49. Qe1 Kg7 50. Qc1 b5 51. Qe1 b4 52. Qc1 b3 53. Qe1 c4 54. Bxc4 Nxh3+ 55. Kg2 Nf4+ 56. Kh1 Qc5 57. Bf1 Kf6 58. Qe3 Qd6 59. Kg1 e5 60. Bc4 Qd1+ 61. Kh2 Qc2 62. Qa7 Ne6 63. Bxe6 fxe6 64. Kg2 Qxb2 65. Qc5 Qc2 66. Qf8+ Kg6 67. Qg8+ Kf6 68. Qf8+ Kg6 69. Qg8+ Kf6 70. Qf8+ 1/2-1/2


[Site "http://www.chessbomb.com"]

[Event "Meltwater Champions Chess Tour 2022: Chessable Masters | Prelims"]
[White "Jones, Gawain C B"]
[Black "Wei, Yi"]
[WhiteFideId "409561"]
[BlackFideId "8603405"]
[WhiteElo "2630"]
[BlackElo "2752"]
[Result "0-1"]
[Round "03"]
[TimeControl "900+10"]
[Date "2022.05.19"]
[WhiteClock "0:00:08"]
[BlackClock "0:01:33"]

1. e4 c5 2. c3 Nf6 3. e5 Nd5 4. Nf3 d6 5. d4 cxd4 6. cxd4 Nc6 7. Bc4 dxe5 8. dxe5 Be6 9. O-O g6 10. Ng5 Bg7 11. Nxe6 fxe6 12. f4 Qb6+ 13. Kh1 Rd8 14. Qe2 Qc5 15. Qe4 Nxf4 16. Be3 Qxe5 17. Qxe5 Bxe5 18. Bxf4 Rf8 19. Bxe5 Rxf1+ 20. Bxf1 Rd1 21. Kg1 Nxe5 22. h3 Nd3 23. g3 e5 24. Kg2 e4 25. Bxd3 exd3 26. Kf2 a5 27. a4 e5 28. Ke3 Ke7 29. h4 h5 30. Ra3 Rxb1 31. Rxd3 Rxb2 32. Rd5 Rb3+ 33. Kf2 Ke6 34. Rxa5 Kf5 35. Rc5 Rb4 36. Rc7 Ke4 37. Rg7 Rb2+ 38. Kg1 Kf3 39. Rxg6 e4 40. Rf6+ Kxg3 41. Kf1 Rb4 42. a5 Kxh4 43. Rg6 Rb2 44. Re6 Rb4 45. Rg6 Kh3 46. Ke2 h4 47. Ke3 Kh2 48. a6 bxa6 49. Rxa6 h3 50. Rg6 Kh1 51. Rg8 h2 52. Rg7 Rb2 53. Kxe4 Rg2 54. Ra7 Rg3 55. Ra2 Kg1 56. Kf4 Rf3+ 57. Kxf3 h1=Q+ 58. Kg3 Qh8 59. Rg2+ Kf1 60. Rf2+ Ke1 61. Rf5 Qg7+ 62. Kf3 Qd4 63. Rf4 Qd3+ 64. Kg4 Ke2 65. Rf6 Qd4+ 66. Rf4 Qd7+ 67. Kg5 Ke3 68. Rf6 Ke4 69. Rf1 Qb5+ 0-1


[Site "http://www.chessbomb.com"]

[Event "Meltwater Champions Chess Tour 2022: Chessable Masters | Prelims"]
[White "Anton Guijarro, David"]
[Black "Vidit, Santosh Gujrathi"]
[WhiteFideId "2285525"]
[BlackFideId "5029465"]
[WhiteElo "2633"]
[BlackElo "2617"]
[Result "1/2-1/2"]
[Round "03"]
[TimeControl "900+10"]
[Date "2022.05.19"]
[WhiteClock "0:00:59"]
[BlackClock "0:01:22"]

1. Nf3 Nf6 2. c4 c5 3. Nc3 Nc6 4. e3 e6 5. d4 d5 6. cxd5 exd5 7. Bb5 cxd4 8. exd4 Bd6 9. O-O O-O 10. Bg5 Bg4 11. Be2 Be6 12. Re1 h6 13. Bh4 g5 14. Bg3 Ne4 15. Bxd6 Nxd6 16. Ne5 Kg7 17. Bf3 Nf5 18. Nxc6 bxc6 19. Bg4 Qf6 20. Bxf5 Bxf5 21. Qd2 Rfe8 22. h3 Bg6 23. Rac1 h5 24. Re3 g4 25. Rce1 Rxe3 26. Rxe3 Rb8 27. b3 c5 28. Nxd5 Qxd4 29. Qc3 Rd8 30. Nf4 Qxc3 31. Rxc3 Rd1+ 32. Kh2 Rd2 33. hxg4 hxg4 34. Kg3 Rxa2 35. Rxc5 Ra3 36. Kxg4 Rxb3 37. Ra5 Rb7 38. f3 Re7 39. g3 f6 40. Nd5 Rd7 41. Ne3 Bd3 42. Nf5+ Bxf5+ 1/2-1/2


[Site "http://www.chessbomb.com"]

[Event "Meltwater Champions Chess Tour 2022: Chessable Masters | Prelims"]
[White "Ding, Liren"]
[Black "Shankland, Sam"]
[WhiteFideId "8603677"]
[BlackFideId "2004887"]
[WhiteElo "2836"]
[BlackElo "2616"]
[Result "1/2-1/2"]
[Round "03"]
[TimeControl "900+10"]
[Date "2022.05.19"]
[WhiteClock "0:01:35"]
[BlackClock "0:04:28"]

1. Nf3 c5 2. c4 Nf6 3. b3 g6 4. Bb2 Bg7 5. g3 b6 6. Bg2 Bb7 7. O-O O-O 8. d4 cxd4 9. Qxd4 d6 10. Rc1 Nbd7 11. Nc3 a6 12. Nd5 b5 13. Qh4 Nxd5 14. Bxg7 Kxg7 15. cxd5 Nf6 16. e4 Rc8 17. Bh3 Rxc1+ 18. Rxc1 h6 19. Qf4 Qb6 20. Rc2 e5 21. dxe6 fxe6 22. Bxe6 Nxe4 23. Qh4 g5 24. Qg4 Nxf2 25. Qd4+ Qxd4 26. Nxd4 Ne4 27. Rc7+ Kf6 28. Rxb7 Ke5 29. Nc6+ Kxe6 30. Re7+ Kd5 31. Nb4+ Kd4 32. Nxa6 g4 33. Nc7 Kd3 34. Ne6 Rc8 35. Nf4+ Kd4 36. Rc7 Rxc7 37. Ne6+ Ke3 38. Nxc7 Nc3 39. a4 bxa4 40. bxa4 Nxa4 41. Kg2 Ke4 42. h3 d5 43. hxg4 d4 44. Kf2 Nc3 45. Ne6 d3 46. Nc5+ Kd4 47. Nb3+ Ke4 48. Nd2+ Kd4 49. Nf3+ Ke4 50. Nd2+ Kd4 51. Nf3+ Ke4 52. Nd2+ 1/2-1/2


[Site "http://www.chessbomb.com"]